 Dungeon Crawl Stone Soup version 0.29-a0-8-g0446c0dae4 (webtiles) character file.

Game seed: 16558357567503026699

51 testman the Prestidigitator (level 3, 0/26 HPs)
             Began as a Gnoll Wanderer on Jan 27, 2022.
             Was a High Priest of Ignis.
             Succumbed to an adder's poison
             ... on level 1 of the Dungeon.
             The game lasted 00:06:53 (1897 turns).

testman the Prestidigitator (Gnoll Wanderer)        Turns: 1897, Time: 00:06:54

Health: 0/26       AC:  4    Str: 12    XL:     3   Next: 81%
Magic:  7/7        EV: 11    Int: 13    God:    Ignis [*****.]
Gold:   66         SH:  0    Dex: 10    Spells: 3/7 levels left

rFire   + . .      SeeInvis .   e - +0 dagger
rCold   . . .      Faith    .   (no shield)
rNeg    . . .      Spirit   .   c - +0 leather armour
rPois   .          Reflect  .   (no helmet)
rElec   .          Harm     .   b - +0 cloak
rCorr   .          Rampage  .   (no gloves)
Will    .....                   (no boots)
Stlth   ++........              (no amulet)
HPRegen 0.08/turn               (no ring)
MPRegen 0.10/turn               (no ring)

@: lethally poisoned (0 -> -2), very slightly contaminated
A: fangs 1, strong nose, distributed training
a: Renounce Religion, Fiery Armour, Foxfire Swarm, Rising Flame


You were on level 1 of the Dungeon.
You worshipped Ignis.
Ignis was extremely pleased with you.
You visited 1 branch of the dungeon, and saw 2 of its levels.

You collected 66 gold pieces.

Inventory:

Hand Weapons
 e - a +0 dagger (weapon)
Missiles
 a - 28 sling bullets
 h - 14 bolts
 j - 78 stones
Armour
 b - a +0 cloak (worn)
 c - a +0 leather armour (worn)
Wands
 d - a wand of iceblast (2)
Scrolls
 f - a scroll of blinking {unknown}
 g - 4 scrolls of identify {unknown}
 i - a scroll of vulnerability {unknown}


   Skills:
 + Level 1.0 Fighting
 + Level 1.0 Short Blades
 + Level 1.0 Long Blades
 + Level 1.0 Axes
 + Level 1.0 Maces & Flails
 + Level 1.0 Polearms
 + Level 1.0 Staves
 + Level 1.0 Slings
 + Level 1.0 Bows
 + Level 1.0 Crossbows
 + Level 1.0 Throwing
 + Level 2.6 Armour
 + Level 1.0 Dodging
 + Level 2.4 Stealth
 + Level 1.0 Shields
 + Level 1.0 Unarmed Combat
 + Level 2.9 Spellcasting
 + Level 0.7 Conjurations
 + Level 0.7 Hexes
 + Level 0.7 Summonings
 + Level 0.7 Necromancy
 + Level 0.7 Translocations
 + Level 0.7 Transmutations
 + Level 0.7 Fire Magic
 + Level 3.8 Ice Magic
 + Level 0.7 Air Magic
 + Level 0.7 Earth Magic
 + Level 0.7 Poison Magic
 + Level 1.0 Invocations
 + Level 10.4 Evocations


You had 3 spell levels left.
You knew the following spells:

 Your Spells              Type           Power      Damage    Failure   Level
a - Freeze                Ice            44%        1d6       6%          1
b - Ozocubu's Armour      Ice            11%        N/A       19%         3

Your spell library contained the following spells:

 Spells                   Type           Power      Damage    Failure   Level
 Animate Skeleton         Necr           6%         N/A       22%         1
 Pain                     Necr           12%        1d4       22%         1
 Conjure Flame            Conj/Fire      3%         6-21      54%         3
 Ignite Poison            Fire/Tmut/Pois 3%         N/A       54%         3
 Vampiric Draining        Necr           3%         2d6       54%         3
 Sticky Flame             Conj/Fire      3%         2d3       91%         4


Dungeon Overview and Level Annotations

Branches:
Dungeon (2/15)

Altars:
Ignis

Shops:
D:1 (


Innate Abilities, Weirdness & Mutations

You have very sharp teeth.
Your uncanny sense of smell can sniff out nearby items.
Your experience applies equally to all skills.


Message History

The adder is almost dead.
The adder barely misses you.
Aiming: Freeze (safe; 6% risk of failure)
Press: ? - help, Q - select action, (/) - cycle Shift-Dir - straight line, f/p - adder
Aim: an adder (almost dead, slow)
You miscast Freeze.
Nothing appears to happen.
The adder is no longer moving slowly.
The adder bites you.
* * * LOW HITPOINT WARNING * * *
You are lethally poisoned!
The adder poisons you!
Aiming: Freeze (safe; 6% risk of failure)
Press: ? - help, Q - select action, (/) - cycle Shift-Dir - straight line, f/p - adder
Aim: an adder (almost dead)
You freeze the adder.
You kill the adder!
* * * LOW HITPOINT WARNING * * *
You feel sick.
Your Fighting skill increases to level 1!
Your Short Blades skill increases to level 1!
Your Long Blades skill increases to level 1!
Your Axes skill increases to level 1!
Your Maces & Flails skill increases to level 1!
Your Polearms skill increases to level 1!
Your Staves skill increases to level 1!
Your Slings skill increases to level 1!
Your Bows skill increases to level 1!
Your Crossbows skill increases to level 1!
Your Throwing skill increases to level 1!
Your Dodging skill increases to level 1!
Your Shields skill increases to level 1!
Your Unarmed Combat skill increases to level 1!
There is a lethal amount of poison in your body!
It was a potion of magic.
Magic courses through your body.
* * * LOW HITPOINT WARNING * * *
You feel sick.
There is a lethal amount of poison in your body!
* * * LOW HITPOINT WARNING * * *
You feel sick.
* * * LOW HITPOINT WARNING * * *
You feel sick.
You die...

#.############.######
#############.# #...#.....# #.
...........##.# #.#.#.###.# #.
#..#######.##.# #.#.#.###.### #.
#..# #.##.# #.#.........###. #..#
#.##.# #.#.......#..... #..#
#.##.# #.#.#.######.##.
#..#######.##.####.#.#.........÷.
...............†@#.#.#.######.##.
#..#######.##.##.#...............
...# ###.##.##.###.########.##.
#..#####......##.# #.#...........
.................# #.####.##.###.
##.#####.###..##.###.# #.##.....
.....................## #.#######
#.#.####.####.##..##..###.#.#....
'........# #.............#......


There were no monsters in sight!

Vanquished Creatures
  An adder (D:1)
  3 dart slugs (D:1)
  4 ball pythons (D:1)
  3 endoplasms (D:1)
  A giant cockroach (D:1)
  A goblin (D:1)
  4 jackals (D:1)
  3 kobolds (D:1)
  A quokka (D:1)
  4 bats (D:1)
  A frilled lizard (D:1)
  11 rats (D:1)
37 creatures vanquished.

Notes
Turn   | Place    | Note
-------+----------+-------------------------------------------
     0 | D:1      | Reached skill level 10 in Evocations
     0 | D:1      | testman the Gnoll Wanderer began the quest for the Orb.
     0 | D:1      | testman set off with the following items: a +0 club, a +0
                  | cloak, a +0 leather armour, a wand of iceblast (2); and the
                  | following spell memorised: Freeze; and the following spells
                  | available to memorise: Ozocubu's Armour
     0 | D:1      | Reached XP level 1. HP: 13/13 MP: 4/4
   198 | D:1      | Reached XP level 2. HP: 19/19 MP: 5/5
   596 | D:1      | Reached XP level 3. HP: 19/25 MP: 0/7
   799 | D:1      | Found Sojaemil's Antique Weapon Emporium.
  1107 | D:1      | Found a faded altar of an unknown god.
  1107 | D:1      | Noticed a tormentor
  1115 | D:1      | Prayed at the altar of an unknown god.
  1115 | D:1      | Became a worshipper of Ignis, the Dying Flame
  1285 | D:1      | Reached skill level 1 in Invocations
  1483 | D:1      | Learned a level 3 spell: Ozocubu's Armour
  1894 | D:1      | Reached skill level 1 in Fighting
  1894 | D:1      | Reached skill level 1 in Short Blades
  1894 | D:1      | Reached skill level 1 in Long Blades
  1894 | D:1      | Reached skill level 1 in Axes
  1894 | D:1      | Reached skill level 1 in Maces & Flails
  1894 | D:1      | Reached skill level 1 in Polearms
  1894 | D:1      | Reached skill level 1 in Staves
  1894 | D:1      | Reached skill level 1 in Slings
  1894 | D:1      | Reached skill level 1 in Bows
  1894 | D:1      | Reached skill level 1 in Crossbows
  1894 | D:1      | Reached skill level 1 in Throwing
  1894 | D:1      | Reached skill level 1 in Dodging
  1894 | D:1      | Reached skill level 1 in Shields
  1894 | D:1      | Reached skill level 1 in Unarmed Combat
  1896 | D:1      | HP: 1/26 [poisoned by an adder]
  1897 | D:1      | Succumbed to an adder's poison

Illustrated notes

Levels and vault maps discovered:
D:1:      kilobyte_arrival_exit_the_forest, layout_basic, serial_shops, shop,
          dreamdust_ecumenical_altar_sealed_demon,
          chequers_serial_rivers_micro_a, minmay_rat_gold_closets
D:2:      layout_basic, uniq_robin

Skill      XL: |  1  2  3 |
---------------+----------+-----
Evocations     | | 10.4
Invocations    | 1 |  1.0
Fighting       | 1 |  1.0
Short Blades   | 1 |  1.0
Long Blades    | 1 |  1.0
Axes           | 1 |  1.0
Maces & Flails | 1 |  1.0
Polearms       | 1 |  1.0
Staves         | 1 |  1.0
Slings         | 1 |  1.0
Bows           | 1 |  1.0
Crossbows      | 1 |  1.0
Throwing       | 1 |  1.0
Dodging        | 1 |  1.0
Shields        | 1 |  1.0
Unarmed Combat | 1 |  1.0
Armour         | |  2.6
Stealth        | |  2.4
Spellcasting   | |  2.9
Conjurations   | |  0.7
Hexes          | |  0.7
Summonings     | |  0.7
Necromancy     | |  0.7
Translocations | |  0.7
Transmutations | |  0.7
Fire Magic     | |  0.7
Ice Magic      | |  3.8
Air Magic      | |  0.7
Earth Magic    | |  0.7
Poison Magic   | |  0.7

Action                   || total
-------------------------++-------
Melee: Dagger            ||    79
       Club              ||     3
       Bite              ||     7
       Punch             ||     2
 Cast: Freeze            ||    24
  Use: Potion            ||     1
 Stab: Sleeping          ||    11
Armor: Leather armour    ||    32
Dodge: Dodged            ||    50

Table legend: (Time is in decaauts)
 A = Elapsed time spent in this place.
 B = Non-inter-level travel time spent in this place.
 C = Inter-level travel time spent in this place.
 D = Time resting spent in this place.
 E = Time spent auto-exploring this place.
 F = Levels seen in this place.
 G = Mean time per level.
                   A        B        C        D        E       F      G
               +--------+--------+--------+--------+--------+-----+--------+
         Total |   1903 |   1864 |     39 |    470 |   1061 |   2 |  951.5 |
       Dungeon |   1903 |   1864 |     39 |    470 |   1061 |   2 |  951.5 |
               +--------+--------+--------+--------+--------+-----+--------+

Top non-repeatable levels by time:
     D:1: 1849 daAuts
     D:2: 53 daAuts
